 Dungeon Crawl Stone Soup version 0.24.0-123-gd5b16e6ec5 (webtiles) character file.

Game seed: 17544121865835671840, levelgen mode: deterministic

156551 Chiseanne the Prestidigitator (level 16, -1/147 HPs)
             Began as a Deep Dwarf Gladiator on Dec 27, 2019.
             Was an Initiate of Gozag.
             Slain by an orc warrior
             ... wielding a +0 glaive
              (6 damage)
             ... on level 1 of the Orcish Mines on Jan 9, 2020.
             The game lasted 02:59:03 (21338 turns).

Chiseanne the Prestidigitator (DDGl)               Turns: 21338, Time: 02:59:03

Health: -1/147     AC: 32    Str: 20    XL:     16   Next: 83%
Magic:  0/0        EV: 20    Int:  9    God:    Gozag
Gold:   413        SH: 12    Dex: 24    Spells: 29/35 levels left

rFire    + + .     SeeInvis .   s - +9 trident of Qavvili {protect, +Blink}
rCold    + . .     Gourm    .   t - +0 shield of Dybahoofy {rN+}
rNeg     + + .     Faith    .   P - +4 scale mail "Edwappezom" {rElec rC+ Dex+2 Slay+3}
rPois    .         Spirit   .   c - +0 helmet of Athrog {rF+ Dex+5}
rElec    +         Reflect  .   e - +2 cloak
rCorr    +         Harm     .   H - +0 pair of gloves "Nuovuer" {MR+ Slay+2 Stlth+}
MR       +++..                  k - +2 pair of boots {Stlth+}
Stlth    +++.......             (no amulet)
HPRegen  0.00/turn              F - ring of resist corrosion
MPRegen  0.07/turn              R - ring "Popeso" {EV+5 Slay+3}

@: protection aura, non-regenerating
A: damage resistance, heal wounds, talons 1, yellow scales 1, dopey 1, fire
resistance 1, mutation resistance 1, negative energy resistance 1, sense
surroundings 2, no regeneration
}: 1/15 runes: gossamer
a: Heal Wounds, Potion Petition, Call Merchant, Bribe Branch, Renounce Religion,
Evoke Blink


You were on level 1 of the Orcish Mines.
You worshipped Gozag.
Gozag was aware of your devotion.
You were full.

You visited 4 branches of the dungeon, and saw 27 of its levels.
You also visited: Ossuary.

You collected 9993 gold pieces.
You spent 4559 gold pieces at shops.
You paid 5021 gold pieces to Gozag.

Inventory:

Hand Weapons
 a - a +8 short sword of venom
 s - the +9 trident of Qavvili (weapon) {protect, +Blink}
   (You found it on level 12 of the Dungeon)

   It grants its wielder temporary protection when it strikes (+7 to AC).
   It lets you blink.
 w - a +3 hunting sling of velocity
 A - a +0 scimitar of flaming
Missiles
 d - 4 throwing nets {!*}
 o - 191 bolts
 p - 11 boomerangs (quivered)
 x - 15 poisoned darts
 L - 14 atropa-tipped darts
 Q - 136 sling bullets
 S - 5 curare-tipped darts
Armour
 c - the +0 helmet of Athrog (worn) {rF+ Dex+5}
   (You bought it in a shop on level 11 of the Dungeon)

   It affects your dexterity (+5).
   It protects you from fire.
 e - a +2 cloak (worn)
 k - a +2 pair of boots of stealth (worn)
 t - the +0 shield of Dybahoofy (worn) {rN+}
   (You bought it in a shop on level 7 of the Dungeon)

   It protects you from negative energy.
 H - the +0 pair of gloves "Nuovuer" (worn) {MR+ Slay+2 Stlth+}
   (You bought it in a shop on level 7 of the Dungeon)

   It affects your accuracy and damage with ranged weapons and melee attacks
   (+2).
   It affects your resistance to hostile enchantments.
   It makes you more stealthy.
 P - the +4 scale mail "Edwappezom" (worn) {rElec rC+ Dex+2 Slay+3}
   (You bought it in a shop on level 7 of the Dungeon)

   It affects your dexterity (+2).
   It affects your accuracy and damage with ranged weapons and melee attacks
   (+3).
   It protects you from cold.
   It insulates you from electricity.
Magical Staves
 U - an uncursed staff of energy
Jewellery
 j - an uncursed ring of fire
 r - an uncursed ring of protection from cold
 C - an uncursed ring of positive energy
 F - a ring of resist corrosion (left hand)
 R - the ring "Popeso" (right hand) {EV+5 Slay+3}
   (You found it on level 1 of the Lair of Beasts)

   [ring of evasion]

   It affects your evasion (+5).
   It affects your accuracy and damage with ranged weapons and melee attacks
   (+3).
Wands
 i - a wand of iceblast (9)
 l - a wand of digging (1)
 u - a wand of flame (59)
 J - a wand of acid (3)
Scrolls
 h - 6 scrolls of immolation
 m - a scroll of summoning
 q - 5 scrolls of fog
 v - 2 scrolls of blinking
 y - 8 scrolls of amnesia
 G - a scroll of silence
 K - 10 scrolls of teleportation
 M - 5 scrolls of magic mapping
 T - 4 scrolls of identify
 V - 2 scrolls of remove curse
Potions
 b - a potion of mutation
 g - 6 potions of flight
 n - 3 potions of cancellation
 B - 2 potions of magic
 Y - 3 potions of brilliance
Miscellaneous
 W - a lamp of fire
 X - a lightning rod (3/4)
Comestibles
 f - 31 rations


   Skills:
 - Level 10.4 Fighting
 - Level 7.3 Short Blades
   Level 6.9(8.7) Axes
 - Level 6.7(7.7) Polearms
 - Level 11.7(11.8) Slings
   Level 6.1 Bows
 - Level 1.9(6.6) Throwing
 - Level 11.0 Armour
 - Level 7.7 Dodging
 - Level 9.0 Shields
 - Level 10.0 Spellcasting
 - Level 11.0 Translocations
 * Level 12.5 Evocations


You had 29 spell levels left.
You knew the following spells:

 Your Spells              Type           Power        Failure   Level  Hunger
a - Blink                 Tloc           N/A          1%          2    #......
b - Apportation           Tloc           ###...       1%          1    None
c - Gell's Gravitas       Tloc           ###.......   2%          3    ##.....

Your spell library contained the following spells:

 Spells                   Type           Power        Failure   Level  Hunger
 Portal Projectile        Hex/Tloc       ##....       22%         3    ##.....
 Animate Skeleton         Necr           N/A          58%         1    None
 Confusing Touch          Hex            #.....       58%         1    None
 Corona                   Hex            #......      58%         1    None
 Flame Tongue             Conj/Fire      #....        58%         1    None
 Magic Dart               Conj           #...         58%         1    None
 Shock                    Conj/Air       #...         58%         1    None
 Summon Small Mammal      Summ           #...         58%         1    None
 Force Lance              Conj/Tloc      ##......     58%         4    ####...
 Call Imp                 Summ           #.......     73%         2    #......
 Corpse Rot               Necr           N/A          73%         2    #......
 Ensorcelled Hibernation  Hex/Ice        #.....       73%         2    #......
 Searing Ray              Conj           #.....       73%         2    #......
 Slow                     Hex            #.......     73%         2    #......
 Sublimation of Blood     Necr           #.........   73%         2    #......
 Confuse                  Hex            #.......     91%         3    ##.....
 Conjure Flame            Conj/Fire      #.......     91%         3    ##.....
 Dazzling Spray           Conj/Hex       #.....       91%         3    ##.....
 Inner Flame              Hex/Fire       #.......     91%         3    ##.....
 Mephitic Cloud           Conj/Pois/Air  #.......     91%         3    ##.....
 Tukima's Dance           Hex            #.......     91%         3    ##.....
 Cause Fear               Hex            #.........   100%        4    ####...
 Fulminant Prism          Conj/Hex       #.........   100%        4    ####...
 Iskenderun's Mystic Bla  Conj           #.......     100%        4    ####...
 Leda's Liquefaction      Hex/Erth       #.........   100%        4    ####...
 Petrify                  Tmut/Erth      #.......     100%        4    ####...
 Agony                    Necr           #.......     100%        5    ######.
 Bolt of Draining         Conj/Necr      #.........   100%        5    ######.
 Bolt of Magma            Conj/Fire/Erth #.........   100%        5    ######.
 Dispel Undead            Necr           #.......     100%        5    ######.
 Excruciating Wounds      Chrm/Necr      #.........   100%        5    ######.
 Metabolic Englaciation   Hex/Ice        #.........   100%        5    ######.
 Yara's Violent Unravell  Hex/Tmut       #.........   100%        5    ######.
 Iron Shot                Conj/Erth      #.........   100%        6    #######
 Statue Form              Tmut/Erth      #........    100%        6    #######
 Shatter                  Erth           #.........   100%        9    #######


Dungeon Overview and Level Annotations

Branches:
Dungeon (15/15)            Temple (0/1) D:7            Lair (6/6) D:11
 Shoals (0/4) Lair:4       Spider (4/4) Lair:4        Slime (0/5) Lair:6
    Orc (2/2) D:10            Elf (0/3) Orc:2        Vaults (0/5) D:13
 Depths (0/5) D:15        Ossuary (visited)

Altars:
Fedhas
Gozag
Kikubaaqudgha
Makhleb
Wu Jian
Xom
Yredelemnul
Jiyva

Shops:
D:6 *   D:7 [   D:11 [   D:15 *

Annotations:
D:4 2 transporters, Peloso's ghost, amateur MiFi
D:6 2 transporters
D:15 1 runed translucent door, 1994's ghost, adept CeGl


Innate Abilities, Weirdness & Mutations

You are resistant to damage.
You can heal yourself by infusing magical energy.
You resist negative energy. (rN+)
You passively map the area around you.
You do not regenerate.
You have sharp toenails.
You are partially covered in yellow scales. (AC +2)
You are dopey. (Int -2)
Your flesh is heat resistant. (rF+)
You are somewhat resistant to further mutation.


Message History

The orc warrior barely misses you.
You hit the orc warrior but do no damage.
The orc warrior is moderately wounded.
The orc warrior completely misses you.
You hit the orc warrior but do no damage.
The orc warrior is moderately wounded.
You block the orc warrior's attack.
You hit the orc warrior but do no damage.
The orc warrior is moderately wounded.
You completely miss the orc warrior.
The orc warrior is moderately wounded.
The orc warrior barely misses you.
You hit the orc warrior.
The orc warrior is moderately wounded.
The orc warrior misses you.
You closely miss the orc warrior.
The orc warrior is moderately wounded.
The orc warrior hits you with a +0 glaive!
You die...
Your body crumbles into a pile of gold.

###################### ###
##..##.....##.#..##...## #.##
#............<.........## ...#
####..##..................# ..##
##.#......[[..............##
..####......#..[@!..............#
....##.........)o.....#..........
#.......#............#...#..###.#
....##.##.......[....##.##### ###
....####..............###
.....####...#..[.#....###
.###.(####.....)........##
##^....#.#.....[........^#
#...((..##..............##


You could see an orc warrior.

Vanquished Creatures
  Bai Suzhen (Spider:3)
  Jorgrun (D:15)
  A fire giant (D:15)
  4 ghost moths (Spider:4)
  An emperor scorpion (Spider:4)
  An ironheart preserver (D:13)
  5 entropy weavers
  5 spark wasps
  A dire elephant (Lair:6)
  Josephine (D:11)
  3 hydras
  9 death yaks
  Erica (Orc:1)
  4 centaur warriors
  4 two-headed ogres
  2 death knights
  A tengu warrior (D:13)
  An orc high priest (Orc:1)
  Nergalle (Lair:1)
  A skeletal warrior (D:11)
  8 unseen horrors
  2 lindwurms (Lair:6)
  15 orb spiders
  An orc knight (Orc:1)
  A deep elf mage (D:13)
  2 orc sorcerers (Orc:1)
  11 wolf spiders
  4 moths of wrath
  10 ugly things
  3 cyclopes
  6 elephants (Lair:6)
  Psyche (D:8)
  6 black mambas
  4 torpor snails
  10 spiny frogs
  3 gargoyles
  A yaktaur (D:15)
  13 demonic crawlers
  3 rime drakes
  8 komodo dragons
  A tengu conjurer (D:13)
  28 jumping spiders
  A polar bear (Lair:5)
  13 hornets
  4 trolls
  3 meliai (Spider:2)
  16 dream sheep
  14 hippogriffs
  16 blink frogs
  7 slime creatures
  69 redbacks
  2 vampires
  21 tarantellas
  9 wraiths
  Sigmund (D:6)
  3 wyverns
  Eustachio (D:3)
  40 yaks
  5 humans (D:7)
  3 steam dragons
  A hog (shapeshifter) (D:15)
  3 hungry ghosts
  4 basilisks
  7 vampire mosquitoes
  2 soldier ants (D:8)
  Edmund (D:7)
  6 wargs
  2 acid dragons
  14 water moccasins
  4 porcupines
  A swamp drake (D:10)
  7 ice beasts
  17 orc warriors
  3 phantoms
  4 sky beasts
  3 black bears
  3 necrophages
  8 ogres
  17 centaurs
  9 crocodiles
  13 wolves
  2 big kobolds
  15 bullfrogs
  A wyvern zombie (D:9)
  2 scorpions
  3 wyvern skeletons
  7 killer bees
  7 howler monkeys
  16 wights
  6 centaur zombies
  4 bullfrog zombies
  6 crimson imps
  7 jellies
  2 quasits
  13 hounds
  20 orc priests
  5 bullfrog skeletons
  5 centaur skeletons
  2 gnoll shamans
  4 iguanas
  19 orc wizards
  5 hell rats (Lair:5)
  11 worker ants
  2 hound zombies (D:5)
  3 hound skeletons
  2 worker ant zombies
  13 adders
  23 gnolls
  3 river rats (Lair:5)
  2 shadow imps
  4 adder zombies
  An adder skeleton (D:7)
  3 worms
  A dart slug (D:1)
  5 leopard geckos
  67 orcs
  3 giant cockroaches
  5 hobgoblins (D:1)
  23 jackals
  16 kobolds
  9 quokkas
  3 ball pythons
  2 ball python skeletons (Ossuary)
  5 bats
  5 frilled lizards
  A giant cockroach zombie (D:5)
  2 gnoll zombies (D:7)
  6 goblins
  A goblin zombie (D:4)
  A hobgoblin zombie (Ossuary)
  A jackal skeleton (D:5)
  A kobold zombie (Ossuary)
  An orc skeleton (Ossuary)
  An orc zombie (Ossuary)
  A quokka zombie (D:5)
  14 rats
  A rat zombie (D:4)
  A butterfly (Lair:2)
  A fungus (Lair:6)
941 creatures vanquished.

Vanquished Creatures (collateral kills)
  A basilisk (Lair:6)
1 creature vanquished.

Vanquished Creatures (others)
  A death yak (Lair:6)
  A vampire (D:14)
  2 yaks (Lair:5)
  A sky beast (D:11)
  9 bushes (D:11)
  2 plants (Lair:3)
16 creatures vanquished.

Grand Total: 958 creatures vanquished

Notes
Turn   | Place    | Note
-------+----------+-------------------------------------------
     0 | D:1      | Chiseanne the Deep Dwarf Gladiator began the quest for the
                  | Orb.
     0 | D:1      | Reached XP level 1. HP: 19/19 MP: 1/1
   104 | D:1      | Reached XP level 2. HP: 23/26 MP: 2/2
   180 | D:1      | Reached XP level 3. HP: 23/32 MP: 3/3
   396 | D:2      | Reached XP level 4. HP: 40/40 MP: 4/4
  1117 | D:3      | Reached XP level 5. HP: 31/49 MP: 4/4
  1182 | D:4      | Noticed Eustachio
  1183 | D:4      | Reached skill level 5 in Axes
  1183 | D:4      | Reached skill level 5 in Dodging
  1183 | D:4      | Reached XP level 6. HP: 49/56 MP: 4/4
  1320 | D:3      | Killed Eustachio
  1361 | D:4      | Found a transporter.
  1396 | D:4      | Found a transporter.
  1396 | D:4      | Noticed Peloso's ghost (amateur MiFi)
  1463 | D:4      | Reached XP level 7. HP: 49/64 MP: 5/5
  1524 | D:4      | Found a sand-covered staircase.
  1531 | Ossuary  | Entered an ossuary
  1650 | Ossuary  | Noticed a flying skull
  1650 | Ossuary  | Noticed a wraith
  1656 | Ossuary  | Noticed a flying skull
  1657 | Ossuary  | Noticed a flying skull
  1659 | Ossuary  | Noticed a flying skull
  1737 | Ossuary  | Noticed a wraith
  1770 | Ossuary  | Killed a wraith
  1793 | Ossuary  | Noticed a wraith
  1805 | Ossuary  | Killed a wraith
  1805 | Ossuary  | Reached skill level 5 in Fighting
  1952 | D:4      | Reached XP level 8. HP: 59/74 MP: 6/6
  2009 | D:4      | Found a burning altar of Makhleb.
  2036 | D:5      | Entered Level 5 of the Dungeon
  2130 | D:5      | Found an ornate altar of the Wu Jian Council.
  2131 | D:5      | Found an opulent altar of Gozag.
  2140 | D:5      | Became a worshipper of Gozag Ym Sagoz the Greedy
  2380 | D:6      | Found an ancient bone altar of Kikubaaqudgha.
  2446 | D:6      | Reached skill level 1 in Short Blades
  2446 | D:6      | Reached skill level 1 in Armour
  2522 | D:6      | Noticed Sigmund
  2532 | D:6      | Killed Sigmund
  2554 | D:6      | Found a transporter.
  2887 | D:6      | Found Diluxenogi's Lightly-Used Armoury.
  3058 | D:6      | Reached skill level 1 in Evocations
  3117 | D:6      | Found a transporter.
  3142 | D:6      | Reached skill level 2 in Evocations
  3279 | D:7      | Learned a level 2 spell: Blink
  3293 | D:7      | Found a shimmering altar of Xom.
  3301 | D:7      | Gained mutation: You passively map the area around you.
                  | [Deep Dwarf growth]
  3301 | D:7      | Reached XP level 9. HP: 53/81 MP: 7/9
  3325 | D:7      | Reached skill level 3 in Evocations
  3447 | D:7      | Found a staircase to the Ecumenical Temple.
  3625 | D:7      | Reached skill level 4 in Evocations
  3637 | D:7      | Reached skill level 5 in Armour
  3718 | D:7      | Found a runed translucent door.
  3720 | D:7      | Found a runed translucent door.
  3737 | D:7      | Noticed Edmund
  3753 | D:7      | Reached skill level 5 in Evocations
  3789 | D:7      | Reached skill level 5 in Short Blades
  3789 | D:7      | Reached skill level 6 in Evocations
  3842 | D:7      | Reached XP level 10. HP: 60/88 MP: 11/11
  3860 | D:7      | Killed Edmund
  3864 | D:7      | Reached skill level 7 in Evocations
  4018 | D:7      | Found a runed translucent door.
  4018 | D:7      | Found a runed translucent door.
  4025 | D:7      | Found a runed translucent door.
  4035 | D:7      | Found a runed translucent door.
  4116 | D:7      | Bought the cursed +0 pair of gloves "Nuovuer" {MR+ Slay+2
                  | Stlth+} for 379 gold pieces
  4212 | D:7      | Found a basalt altar of Yredelemnul.
  4636 | D:8      | Reached skill level 1 in Slings
  4641 | D:8      | Paralysed by a hornet for 1 turns
  4646 | D:8      | Paralysed by a hornet for 3 turns
  4649 | D:8      | HP: 4/88 [poisoned by a hornet]
  4773 | D:8      | Reached skill level 8 in Evocations
  4957 | D:8      | Noticed Psyche
  4967 | D:8      | Killed Psyche
  5607 | D:9      | Reached skill level 9 in Evocations
  6109 | D:10     | Entered Level 10 of the Dungeon
  6145 | D:9      | Reached XP level 11. HP: 67/96 MP: 8/10
  6363 | D:10     | Reached skill level 5 in Slings
  6527 | D:10     | Reached skill level 10 in Evocations
  6669 | D:7      | Bought the +4 scale mail "Edwappezom" {rElec rC+ Dex+2
                  | Slay+3} for 927 gold pieces
  7017 | D:11     | Killed an unseen horror
  7106 | D:11     | Found a blossoming altar of Fedhas.
  7108 | D:11     | Noticed a white ugly thing
  7124 | D:11     | Killed a white ugly thing
  7124 | D:11     | Reached skill level 11 in Evocations
  7158 | D:11     | Noticed Josephine
  7174 | D:11     | Noticed a skeletal warrior
  7178 | D:11     | Killed Josephine
  7234 | D:11     | Killed a skeletal warrior
  7289 | D:11     | Noticed a death knight
  7295 | D:11     | Noticed a white ugly thing
  7308 | D:11     | Killed a death knight
  7388 | D:11     | Killed a white ugly thing
  7388 | D:11     | Reached XP level 12. HP: 76/104 MP: 8/8
  7537 | D:11     | Noticed Sonja
  7539 | D:11     | Sonja changed into something unseen
  7561 | D:11     | Killed Sonja the unseen horror
  7615 | D:11     | Found a staircase to the Lair.
  7620 | Lair:1   | Entered Level 1 of the Lair of Beasts
  7697 | Lair:1   | Got a warped bone ring
  7710 | Lair:1   | Identified the ring "Popeso" {EV+5 Slay+3} (You found it on
                  | level 1 of the Lair of Beasts)
  7874 | Lair:1   | Noticed Nergalle
  7903 | Lair:1   | Killed Nergalle
  8049 | Lair:1   | Got a heavily jewelled robe
  8061 | Lair:1   | Identified the cursed +1 robe of Yrphoa Hupnou {+Blink
                  | Dex+4} (You found it on level 1 of the Lair of Beasts)
  9052 | Lair:3   | Reached skill level 10 in Armour
  9053 | Lair:3   | Reached skill level 10 in Slings
  9254 | Lair:3   | Noticed a five-headed hydra
  9266 | Lair:3   | Killed a five-headed hydra
  9570 | Lair:4   | Noticed a five-headed hydra
  9594 | Lair:4   | Killed a five-headed hydra
  9609 | Lair:4   | Reached XP level 13. HP: 107/117 MP: 5/5
  9685 | Lair:4   | Found a staircase to the Shoals.
  9979 | Lair:4   | Reached skill level 1 in Translocations
 10014 | Lair:4   | Found a hole to the Spider Nest.
 10123 | Lair:4   | Reached skill level 1 in Spellcasting
 11000 | Lair:5   | Got a smoking shortbow
 11002 | Lair:5   | Identified the +9 shortbow of Calculation {freeze, rC+
                  | Str+3} (You found it on level 5 of the Lair of Beasts)
 11236 | Lair:6   | Entered Level 6 of the Lair of Beasts
 11322 | Lair:6   | Reached skill level 1 in Bows
 11470 | Lair:6   | Reached skill level 5 in Translocations
 11555 | Lair:6   | Found a viscous altar of Jiyva.
 11689 | Lair:6   | Gained mutation: You resist negative energy. (rN+) [Deep
                  | Dwarf growth]
 11689 | Lair:6   | Reached XP level 14. HP: 65/130 MP: 6/6
 11855 | Lair:6   | Identified a scroll of acquirement
 11866 | Lair:6   | Identified the cursed +0 chain mail "Mischez" {*Corrode
                  | Str+4 Dex+7} (You found it on level 6 of the Lair of
                  | Beasts)
 11918 | Lair:6   | Found a staircase to the Slime Pits.
 12049 | Lair:6   | Reached skill level 10 in Fighting
 12340 | D:11     | Bought a bloodstained helmet for 218 gold pieces
 12341 | D:11     | Identified the cursed +0 helmet "Loh Gerph" {rF++} (You
                  | bought it in a shop on level 11 of the Dungeon)
 12346 | D:11     | Bought a slimy helmet for 218 gold pieces
 12357 | D:11     | Identified the +0 helmet of Athrog {rF+ Dex+5} (You bought
                  | it in a shop on level 11 of the Dungeon)
 12363 | D:11     | Bought an amber-encrusted crystal plate armour for 1955
                  | gold pieces
 12374 | D:11     | Identified the +12 crystal plate armour of the Sacrificial
                  | Victim {rPois Int+2 SInv} (You bought it in a shop on level
                  | 11 of the Dungeon)
 12392 | D:11     | Bought a brightly glowing scale mail for 207 gold pieces
 12403 | D:11     | Identified the +4 scale mail of Jauremm {*Corrode rN+
                  | Regen+} (You bought it in a shop on level 11 of the
                  | Dungeon)
 12703 | D:12     | Got an encrusted trident
 12704 | D:12     | Identified the +9 trident of Qavvili {protect, +Blink} (You
                  | found it on level 12 of the Dungeon)
 12899 | D:12     | Reached skill level 5 in Spellcasting
 13738 | D:13     | Noticed an ironheart preserver
 13768 | D:13     | Killed an ironheart preserver
 13829 | D:13     | Found a gate to the Vaults.
 14258 | D:13     | Learned a level 1 spell: Apportation
 14262 | D:13     | Learned a level 3 spell: Gell's Gravitas
 14754 | D:14     | Reached skill level 5 in Bows
 15264 | D:15     | Entered Level 15 of the Dungeon
 15528 | D:15     | Reached XP level 15. HP: 104/138 MP: 5/5
 15535 | D:15     | Found a runed translucent door.
 15535 | D:15     | Noticed 1994's ghost (adept CeGl)
 15707 | D:15     | Found Tonazxashro's Elemental Accessories.
 15741 | D:15     | Found a staircase to the Depths.
 15741 | D:15     | Noticed a fire giant
 15748 | D:15     | Killed a fire giant
 15754 | D:15     | Noticed Jorgrun
 15778 | D:15     | Killed Jorgrun
 16084 | D:7      | Bought a +1 pair of boots of stealth for 247 gold pieces
 16097 | D:7      | Bought the cursed +0 shield of Dybahoofy {rN+} for 190 gold
                  | pieces
 16164 | D:11     | Bought a scorched chain mail for 218 gold pieces
 16175 | D:11     | Identified the cursed +1 chain mail of Bicaesm {Stlth+}
                  | (You bought it in a shop on level 11 of the Dungeon)
 16302 | Spider:1 | Entered Level 1 of the Spider Nest
 16408 | Spider:2 | Reached skill level 1 in Shields
 16492 | Spider:1 | Identified Ysyotah's Arcane Arts 101
 16583 | Spider:2 | Reached skill level 10 in Translocations
 17304 | Spider:2 | Reached skill level 1 in Polearms
 17789 | Spider:3 | Reached skill level 5 in Shields
 17838 | Spider:3 | Got a slimy helmet
 17858 | Spider:3 | Identified the +0 helmet of Spring {Int+2 Dex+4} (You found
                  | it on level 3 of the Spider Nest)
 17932 | Spider:3 | Noticed Bai Suzhen
 17969 | Spider:3 | Killed Bai Suzhen
 17969 | Spider:3 | Reached XP level 16. HP: 93/147 MP: 2/2
 18203 | Spider:4 | Entered Level 4 of the Spider Nest
 18323 | Spider:4 | Paralysed by a hornet for 2 turns
 18481 | Spider:4 | Reached skill level 5 in Polearms
 19124 | Spider:4 | Reached skill level 10 in Spellcasting
 19258 | Spider:4 | Got a gossamer rune of Zot
 19721 | D:10     | Found a staircase to the Orcish Mines.
 19767 | D:10     | Reached skill level 12 in Evocations
 19796 | Orc:1    | Entered Level 1 of the Orcish Mines
 19806 | Orc:1    | Noticed Erica
 19819 | Orc:1    | Killed Erica
 20271 | Orc:2    | Entered Level 2 of the Orcish Mines
 20486 | Orc:2    | Found a staircase to the Elven Halls.
 20635 | Orc:1    | Gained mutation: Scrolls take you a little longer to read.
                  | [potion of mutation]
 20635 | Orc:1    | Gained mutation: You tend to lose your temper in combat.
                  | [potion of mutation]
 20635 | Orc:1    | Gained mutation: You are partially covered in yellow
                  | scales. (AC +2) [potion of mutation]
 20636 | Orc:1    | Lost mutation: Scrolls take you a little longer to read.
                  | [potion of mutation]
 20636 | Orc:1    | Lost mutation: You tend to lose your temper in combat.
                  | [potion of mutation]
 20636 | Orc:1    | Gained mutation: You are dopey. (Int -2) [potion of
                  | mutation]
 20636 | Orc:1    | Gained mutation: You are mostly covered in yellow scales.
                  | (AC +3) [potion of mutation]
 20636 | Orc:1    | Gained mutation: You are very dopey. (Int -4) [potion of
                  | mutation]
 20636 | Orc:1    | Gained mutation: You have sharp toenails. [potion of
                  | mutation]
 20637 | Orc:1    | Lost mutation: You have sharp toenails. [potion of
                  | mutation]
 20637 | Orc:1    | Lost mutation: You are mostly covered in yellow scales. (AC
                  | +3) [potion of mutation]
 20637 | Orc:1    | Lost mutation: You are very dopey. (Int -4) [potion of
                  | mutation]
 20637 | Orc:1    | Gained mutation: You have sharp toenails. [potion of
                  | mutation]
 20637 | Orc:1    | Gained mutation: Your flesh is heat resistant. (rF+)
                  | [potion of mutation]
 20637 | Orc:1    | Gained mutation: You are somewhat resistant to further
                  | mutation. [potion of mutation]
 21330 | Orc:1    | HP: 5/147 [orc warrior/+0 glaive (8)]
 21338 | Orc:1    | Slain by an orc warrior

Levels and vault maps discovered:
D:1:      dpeg_arrival_rooms_with_view, layout_rooms, minmay_pentomino_x4
D:2:      layout_loops_ring
D:3:      layout_basic, first_ration
D:4:      layout_cave_pools, lemuel_crystal_altar, gammafunk_ghost_arena,
          enter_ossuary_4, uniq_eustachio
D:5:      layout_basic, nicolae_overflow_hidden_temple, serial_undead,
          serial_undead_a, serial_undead_a, serial_undead_b, serial_undead_c,
          serial_undead_a, serial_undead_a
D:6:      gammafunk_cloud_chamber, layout_basic, lemuel_doored_altar,
          gammafunk_temple_overflow_elements, minmay_shop_damaged, minivault_5,
          due_unseen_surprise, uniq_sigmund
D:7:      erik_cavepeople, layout_basic, kennysheep_little_box,
          lemuel_zombie_altar_yredelemnul, minmay_temple_entry_offerings
D:8:      layout_rooms, hangedman_pestilent_swarm, uniq_psyche
D:9:      layout_basic, serial_co_window_serial, co_window_corner_a,
          co_window_of_opportunity_a, co_window_paths_a, co_window_corner_a,
          co_window_paths_a, co_window_paths_b, co_window_paths_b,
          co_window_cross_4, co_window_corner_b, co_window_corner_b,
          glass_columns_a, glass_columns_a, glass_columns_b, glass_columns_a,
          glass_columns_b, grunt_ministairs_15
D:10:     layout_cross, erik_orc_1, ebering_ghost_reflecting_pool, wad_mini_maze
D:11:     layout_loops_ring, lair_entry_dummy, fedhas_bush_and_centaur_altar,
          uniq_sonja, uniq_josephine
D:12:     layout_long_grid
D:13:     layout_basic, skrybe_vaults_entry_preservation
D:14:     layout_stronghold, chequers_serial_rivers_large_b,
          minmay_joined_circles
D:15:     grunt_enter_depths_giant_problem, layout_irregular_city,
          minmay_misc_feat_rugged, gammafunk_ghost_grave, drop_trap,
          nicolae_elemental_shop, uniq_jorgrun
Lair:1:   layout_small_grid, uniq_nergalle
Lair:2:   layout_concentric_octagons, lemuel_fruit_fields
Lair:3:   layout_long_grid, st_stairs_6, hangedman_lair_unloving_vines
Lair:4:   layout_cave_pods, minmay_shoals_entry_centaurs,
          spider_nest_entry_web_field, chequers_serial_rivers_small_a,
          lemuel_fruit_tree
Lair:5:   layout_small_grid, kennysheep_abandoned_house, grunt_megastairs_2
Lair:6:   hangedman_lair_in_review, layout_hall_layers, slime_altar_1,
          grunt_forest_small_clearings, lemuel_fruit_fields,
          serial_bayou_shore_b
Spider:1: layout_spider_delve
Spider:2: layout_spider_delve, uniq_arachne
Spider:3: cheibrodos_forgotten_conduit, uniq_bai_suzhen
Spider:4: johnstein_spider_rune_arachne_lair, spiders_nest_hornet_nest
Orc:1:    layout_caves, nicolae_orc_tapped_out, uniq_erica
Orc:2:    grunt_orc_cross, layout_diamond_mine

Skill      XL: |  1  2  3  4  5  6  7  8  9 10 11 12 13 14 15 16 |
---------------+-------------------------------------------------+-----
Fighting       | 2 3 4 5 8 9 10 | 10.4
Axes           | 4 5 6 |  6.9
Dodging        | 4 5 6 7 |  7.7
Short Blades   | 3 5 7 |  7.3
Armour         | 4 6 8 10 11 | 11.0
Evocations     | 2 6 9 11 12 | 12.5
Slings         | 4 8 10 11 | 11.7
Translocations | 5 9 11 | 11.0
Spellcasting   | 4 7 8 10 | 10.0
Bows           | 2 5 6 |  6.1
Shields        | 5 9 |  9.0
Polearms       | 3 6 |  6.7
Throwing       | |  1.9

Action                   |  1- 3 |  4- 6 |  7- 9 | 10-12 | 13-15 | 16-18 || total
-------------------------+-------+-------+-------+-------+-------+-------++-------
Melee: War axe           |    80 |    95 |   127 |       |       |       ||   302
       Short sword       |       |    39 |   357 |   994 |   890 |   314 ||  2594
       Trident           |       |       |       |       |   310 |   132 ||   442
       Hunting sling     |       |       |       |       |     1 |       ||     1
 Fire: Hunting sling     |       |    21 |       |    82 |   314 |    26 ||   443
Throw: Stone             |       |     1 |     2 |       |       |       ||     3
       Javelin           |       |       |       |       |     4 |       ||     4
       Dart              |       |       |       |       |     3 |    21 ||    24
       Boomerang         |       |       |       |       |       |    72 ||    72
       Throwing net      |       |       |       |       |       |     3 ||     3
 Cast: Blink             |       |       |       |       |     3 |       ||     3
Invok: Call Merchant     |       |       |       |     1 |     1 |       ||     2
       Potion Petition   |       |       |       |     1 |     1 |     7 ||     9
 Abil: Heal Wounds       |     1 |     5 |    11 |    37 |    54 |    10 ||   118
Evoke: Wand              |       |     1 |    37 |    29 |    38 |    36 ||   141
       Lamp of fire      |       |       |       |       |     2 |     2 ||     4
       Lightning rod     |       |       |       |       |       |     8 ||     8
  Use: Scroll            |       |     7 |    12 |    19 |    13 |     3 ||    54
       Potion            |       |       |     7 |     4 |     9 |     7 ||    27
 Stab: Sleeping          |       |       |     2 |     1 |     7 |     1 ||    11
       Paralysed         |       |       |     5 |       |    11 |       ||    16
       Confused          |       |       |     2 |       |       |       ||     2
       Distracted        |       |       |     1 |     9 |    13 |     2 ||    25
       Betrayed ally     |       |       |       |       |     1 |       ||     1
       Invisible         |       |       |       |       |       |     6 ||     6
  Eat: Chunk             |       |     2 |     1 |       |       |       ||     3
       Ration            |       |       |     3 |     8 |     7 |     4 ||    22
Armor: Leather armour    |    44 |    50 |    28 |       |       |       ||   122
       Ring mail         |       |       |    85 |   105 |       |       ||   190
       Chain mail        |       |       |     7 |       |       |       ||     7
       Scale mail        |       |       |       |   173 |   495 |   181 ||   849
Dodge: Dodged            |    90 |   151 |   305 |   582 |  1139 |   298 ||  2565
Block: Shield            |       |       |       |       |   262 |   267 ||   529
